 Dungeon Sprint DCSS version 0.31-a0-1576-ga3383bade6 (webtiles) character file.

Game seed: 269562156988298908

4781 sircluck the Grappler (level 10, -7/115 HPs)
             Began as a Troll Berserker on Jan 4, 2024.
             Was the Champion of Trog.
             Mangled by an unseen horror (11 damage)
             ... in the Dungeon (Sprint I: "Red Sonja").
             The game lasted 00:03:06 (593 turns).

sircluck the Grappler (Troll Berserker)              Turns: 593, Time: 00:03:06

Health: -7/115     AC: -10   Str: 31    XL:     10   Next: 23%
Magic:  9/9        EV: 12    Int:  3    God:    Trog [******]
Gold:   983        SH:  0    Dex:  9    Spells: 9/9 levels left

rFire   . .          .
                       - Unarmed
rCold   . . .        (no shield)
rNeg    . . .        l - +0 troll leather armour
rPois   .            (helmet restricted)
rElec   .            (no cloak)
rCorr   .            (gloves unavailable)
SInv    .            (boots unavailable)
Will    ++...        (no amulet)
Stlth   +            (no ring)
HPRegen 2.99/turn    (no ring)
MPRegen 0.11/turn

%: no teleportation
@: strong-willed, corroded, regenerating
A: large, unfitting armour, claws 3, regeneration 1, shaggy fur 1, tough skin 1
a: Renounce Religion, Berserk, Trog's Hand, Brothers in Arms


You were in the Dungeon.
You worshipped Trog.
Trog was exalted by your worship.
You visited 1 branch You collected 1080 gold pieces.
You spent 97 gold pieces at shops.

Inventory:

Missiles
 j - 7 stones
 k - 5 curare-tipped darts
Armour
 a - a +0 animal skin
 i - a +0 robe of resistance
 l - a +0 troll leather armour (worn)
Wands
 h - a wand of charming (17)
Scrolls
 g - a scroll of blinking
 m - a scroll of identify {unknown}
Potions
 b - 4 potions of curing
 c - a potion of heal wounds
 d - a potion of haste
 e - 2 potions of magic
 f - 2 potions of berserk rage
 n - a potion of attraction {unknown}
 o - a potion of degeneration {unknown}


   Skills:
 + Level 12.0 Fighting
 + Level 5.2 Armour
 + Level 11.8 Dodging
 + Level 13.9 Unarmed Combat


You had 9 spell levels left.
You didn't know any spells.
Your spell library was empty.

Dungeon Overview and Level Annotations

Branches:
Dungeon (1/1)

Altars:
Cheibriados
Dithmenos
Elyvilon
Fedhas
Gozag
Hepliaklqana
Kikubaaqudgha
Makhleb
Nemelex Xobeh
Okawaru
Qazlal
Ru
Sif Muna
Trog
Uskayaw
Vehumet
Wu Jian
Xom
Yredelemnul
Zin
The Shining One
Jiyva
Lugonu

Shops:
D =?[


Innate Abilities, Weirdness & Mutations

You are too large for most types of armour.
You have claws for hands.
Your natural rate of healing is unusually fast.
You are covered in fur. (AC +1)
You have tough skin. (AC +1)


Message History

Unknown command.
Something hits you!
* * * LOW HITPOINT WARNING * * *
Something hits you.
* * * LOW HITPOINT WARNING * * *
The jelly attacks as it pursues you! The jelly hits you.
* * * LOW HITPOINT WARNING * * *
The acid corrodes you!
You are splashed with acid!
* * * LOW HITPOINT WARNING * * *
Unknown command.
Unknown command.
Unknown command.
Your skin crawls.
You feel strong-willed. The jelly closely misses you.
The jelly attacks as it pursues you! The jelly hits you.
* * * LOW HITPOINT WARNING * * *
The acid corrodes you!
You are splashed with acid!
* * * LOW HITPOINT WARNING * * *
Unknown command.
You scratch the jelly but do no damage.
Your claws burn!
* * * LOW HITPOINT WARNING * * *
You claw the jelly!
The jelly is severely wounded.
You mangle the jelly!!
You kill the jelly!
Trog accepts your kill. Something hits you.
* * * LOW HITPOINT WARNING * * *
Your life force feels restored.
Your Fighting skill increases to level 12!
Unknown command.
You scratch something. Something hits you.
* * * LOW HITPOINT WARNING * * *
Something hits you!
* * * LOW HITPOINT WARNING * * *
Something hits you.
* * * LOW HITPOINT WARNING * * *
Something hits you!
You die...

#...#.####§§#####,,+,*+*,***+*,,,
#..##.#§~§.§#§.#*+****,,,*,*,**,,
##'#_.+~~~§.'§.#,,,,,*,,,***,,***
.†..._#~~~)§#§§#,,,,,+,,,,,**,*,*
##_.#'##'#####§###,,,*,,,,,*,,***
###'#:#..§§###§'.#,,,***++**,**,,
###.####'###%###.#,,***,,***,,*+*
.'.).†.....'.∩##§#,,****,,***,,,*
##...###########@#*+*,,*,,*,***,*
###.###,,,,,,,*#{#*,*,,,,,,,,,*,*
#.#'#.#,,,,,,,,+J#***,,,,,,,,,*,*
#.....#++.######J#,,+,,,,,,****+*
#...[.#.....)§.#§#****,,,***,,,,*
#######.....§§#'.#,,,*****,,,****
**,,,?......§§####,,,,,,,,,***,,^
**,,,.......~~#*,,,,,,,*****,,,,*
***,,.....~~~##*,,,,,,**,,,^,,^,*


You could see a jelly.

Vanquished Creatures
  2 centaur warriors (D)
  Sonja (D)
  A deep troll (D)
  An oklob plant (D)
  2 kobold demonologists (D)
  A hornet (D)
  2 glass eyes (D)
  Sigmund (D)
  A slime creature (D)
  A yak (D)
  2 redbacks (D)
  An ogre (D)
  A necrophage (D)
  7 jellies (D)
  Ijyb (D)
25 creatures vanquished.

Vanquished Creatures (others)
  2 ballistomycete spores (D)
2 creatures vanquished.

Grand Total: 27 creatures vanquished

Notes
Turn   | Place    | Note
-------+----------+-------------------------------------------
     0 | D        | sircluck the Troll Berserker began the quest for the Orb.
     0 | D        | Reached XP level 1. HP: 22/22 MP: 0/0
     1 | D        | Noticed Ijyb
    46 | D        | Killed Ijyb
    47 | D        | Reached skill level 4 in Unarmed Combat
    47 | D        | Reached XP level 2. HP: 16/32 MP: 1/1
    63 | D        | Noticed an ogre
    67 | D        | Killed an ogre
    68 | D        | Reached skill level 5 in Fighting
    68 | D        | Reached skill level 5 in Dodging
    68 | D        | Reached skill level 6 in Unarmed Combat
    68 | D        | Reached XP level 3. HP: 32/42 MP: 2/2
    68 | D        | Reached XP level 4. HP: 38/50 MP: 3/3
    89 | D        | Noticed Sigmund
    98 | D        | Killed Sigmund
    98 | D        | Reached ** piety under Trog
    99 | D        | Reached skill level 7 in Unarmed Combat
    99 | D        | Reached XP level 5. HP: 39/61 MP: 4/4
    99 | D        | Reached XP level 6. HP: 43/68 MP: 5/5
   135 | D        | Found an ornate altar of the Wu Jian Council.
   135 | D        | Found a shimmering blue altar of Sif Muna.
   161 | D        | Found a radiant altar of Vehumet.
   164 | D        | Reached skill level 8 in Unarmed Combat
   169 | D        | Noticed a centaur warrior
   169 | D        | Noticed a centaur warrior
   183 | D        | Found a burning altar of Makhleb.
   183 | D        | Found a viscous altar of Jiyva.
   183 | D        | Found a shimmering altar of Xom.
   183 | D        | Found a corrupted altar of Lugonu.
   183 | D        | Noticed a slime creature
   190 | D        | Killed a slime creature
   191 | D        | Reached skill level 9 in Unarmed Combat
   204 | D        | Noticed a kobold demonologist
   204 | D        | Noticed a glass eye
   205 | D        | Noticed a kobold demonologist
   207 | D        | Killed a glass eye
   207 | D        | Reached *** piety under Trog
   208 | D        | Reached XP level 7. HP: 78/80 MP: 6/6
   215 | D        | Killed a kobold demonologist
   216 | D        | Reached skill level 10 in Unarmed Combat
   221 | D        | Killed a kobold demonologist
   221 | D        | Reached **** piety under Trog
   222 | D        | Reached XP level 8. HP: 23/92 MP: 7/7
   306 | D        | Found Keuk's Magic Scroll Emporium.
   306 | D        | Found an ancient bone altar of Kikubaaqudgha.
   306 | D        | Found a hazy altar of Hepliaklqana.
   306 | D        | Found a stormy altar of Qazlal.
   306 | D        | Found a hide-covered altar of Uskayaw.
   306 | D        | Found a blossoming altar of Fedhas.
   306 | D        | Found a bloodstained altar of Trog.
   306 | D        | Found an iron altar of Okawaru.
   306 | D        | Found a basalt altar of Yredelemnul.
   306 | D        | Found a glowing golden altar of the Shining One.
   306 | D        | Found a snail-covered altar of Cheibriados.
   306 | D        | Found a sacrificial altar of Ru.
   306 | D        | Found a glowing silver altar of Zin.
   306 | D        | Found a shadowy altar of Dithmenos.
   306 | D        | Found a white marble altar of Elyvilon.
   313 | D        | Reached skill level 11 in Unarmed Combat
   313 | D        | Found an opulent altar of Gozag.
   314 | D        | Found a sparkling altar of Nemelex Xobeh.
   330 | D        | Bought a scroll of revelation for 97 gold pieces
   330 | D        | Found Puell's Jewellery Boutique.
   330 | D        | Noticed Sonja
   330 | D        | Noticed a glass eye
   330 | D        | Noticed a shining eye
   330 | D        | Noticed a shining eye
   344 | D        | Killed Sonja
   345 | D        | Reached skill level 10 in Fighting
   345 | D        | Reached skill level 10 in Dodging
   419 | D        | Noticed a deep troll
   425 | D        | Killed a deep troll
   426 | D        | Reached skill level 12 in Unarmed Combat
   426 | D        | Reached XP level 9. HP: 102/102 MP: 8/8
   437 | D        | Found Cofomn's Armour Emporium.
   480 | D        | Killed a centaur warrior
   481 | D        | Reached skill level 13 in Unarmed Combat
   483 | D        | Killed a centaur warrior
   483 | D        | Reached ***** piety under Trog
   525 | D        | Noticed an oklob plant
   530 | D        | Killed an oklob plant
   531 | D        | Reached XP level 10. HP: 115/115 MP: 9/9
   563 | D        | Reached skill level 5 in Armour
   573 | D        | Received a gift from Trog
   576 | D        | Reached ****** piety under Trog
   593 | D        | HP: 4/115 [something (6)]
   593 | D        | Mangled by an unseen horror

Illustrated notes

Levels and vault maps discovered:
D:        dungeon_sprint_1 [red_sonja_temple_1, red_sonja_temple_small_1]

Skill      XL: |  1  2  3  4  5  6  7  8  9 10 |
---------------+-------------------------------+-----
Fighting       | 3 5 6 8 9 10 11 12 | 12.0
Dodging        | 3 5 6 8 9 10 11 | 11.8
Unarmed Combat | 4 6 7 9 10 12 13 | 13.9
Armour         | 4 5 |  5.2

Action                     |  1- 3 |  4- 6 |  7- 9 | 10-12 || total
---------------------------+-------+-------+-------+-------++-------
  Melee: Unarmed           |    22 |    17 |    38 |    22 ||    99
         Punch             |       |     2 |     1 |     1 ||     4
 Invoke: Berserk           |       |       |     3 |       ||     3
         Trog's Hand       |       |       |       |     1 ||     1
    Use: Scroll            |       |       |     1 |       ||     1
         Potion            |       |       |       |     1 ||     1
 Armour: Animal skin       |    25 |     4 |       |       ||    29
         Robe              |       |     5 |    19 |       ||    24
         Troll leather arm |       |       |    10 |    31 ||    41
  Dodge: Dodged            |     8 |     2 |    11 |     7 ||    28

Table legend: (Time is in decaauts)
 A = Elapsed time spent in this place.
 B = Non-inter-level travel time spent in this place.
 C = Inter-level travel time spent in this place.
 D = Time resting spent in this place.
 E = Time spent auto-exploring this place.
 F = Levels seen in this place.
 G = Mean time per level.
                   A        B        C        D        E       F      G
               +--------+--------+--------+--------+--------+-----+--------+
         Total |    606 |    606 |      0 |     74 |    138 |   1 |  606.0 |
       Dungeon |    606 |    606 |      0 |     74 |    138 |   1 |  606.0 |
               +--------+--------+--------+--------+--------+-----+--------+

Top non-repeatable levels by time:
       D: 606 daAuts
